 Dungeon Crawl Stone Soup version 0.31-a0-344-gd109795599 (webtiles) character file.

Game seed: 316621810058659245

51 RepHenryClay the Sneak (level 4, -4/28 HPs)
             Began as a Kobold Delver on July 21, 2023.
             Slain by a cerulean imp
             ... wielding a +2 spear
             ... summoned by Natasha
              (6 damage)
             ... on level 2 of the Dungeon.
             The game lasted 00:02:24 (1328 turns).

RepHenryClay the Sneak (Kobold Delver)              Turns: 1328, Time: 00:02:24

Health: -4/28      AC:  3    Str:  9    XL:     4   Next: 7%
Magic:  4/4        EV: 14    Int: 11    God:
Gold:   107        SH:  0    Dex: 18    Spells: 3/3 levels left

rFire   . . .        a - +0 mace
rCold   . . .        (no shield)
rNeg    . . .        b - +0 leather armour
rPois   .            (no helmet)
rElec   .            (no cloak)
rCorr   .            (no gloves)
SInv    .            (no boots)
Will    .....        (no amulet)
Stlth   ++++         (no ring)
HPRegen 0.24/turn    (no ring)
MPRegen 0.09/turn

%: no passive effects
@: no status effects
A: small, no large weapons, nightstalker 3
a: no special abilities


You were on level 2 of the Dungeon.
You visited 1 branch of the dungeon, and saw 5 of its levels.

You collected 107 gold pieces.

Inventory:

Hand Weapons
 a - a +0 mace (weapon)
Armour
 b - a +0 leather armour (worn)
Jewellery
 i - an amulet of regeneration
Wands
 g - a wand of digging (3)
Scrolls
 c - a scroll of fog
 d - 2 scrolls of revelation
 e - 3 scrolls of fear
 m - a scroll of identify {unknown}
Potions
 f - a potion of haste
 j - a potion of lignification {unknown}
 k - a potion of curing {unknown}
 l - a potion of might {unknown}


   Skills:
 - Level 3.4 Fighting
 + Level 3.3 Maces & Flails
 - Level 2.6 Dodging
 - Level 6.7 Stealth


You had 3 spell levels left.
You didn't know any spells.
Your spell library contained the following spells:

 Spells                   Type           Power      Damage    Failure   Level
 Dazzling Flash           Conj/Hex       0%         N/A       83%         3
 Agony                    Necr           0%         N/A       100%        5
 Silence                  Hex/Air        0%         N/A       100%        5


Dungeon Overview and Level Annotations

Branches:
Dungeon (5/15)
 Temple: D:4-7

Altars:

Annotations:
D:2 Natasha


Innate Abilities, Weirdness & Mutations

You are small and have problems with some larger weapons.
You are completely attuned to the shadows.


Message History

Huge Dmg: -28%(-8hp) hp: 65%(18hp)
You closely miss Natasha.
Natasha is almost dead.
Natasha casts a spell.
The cerulean imp completely misses you.
The cerulean imp hits you but does no damage.
Natasha closely misses you.
The cerulean imp hits you with a +1 spear.
Damage: -4%(-1hp) hp: 61%(17hp)
You closely miss Natasha.
Natasha is almost dead.
The cerulean imp barely misses you.
Natasha howls an incantation.
Natasha shimmers violently.
Natasha claws you. The cerulean imp closely misses you.
The cerulean imp misses you.
Huge Dmg: -18%(-5hp) hp: 43%(12hp)
You closely miss Natasha.
Natasha is almost dead.
The cerulean imp misses you. Natasha casts a spell at you.
You resist with some effort.
The cerulean imp hits you with a +1 spear.
* * * LOW HITPOINT WARNING * * *
The cerulean imp hits you with a +2 spear.
* * * LOW HITPOINT WARNING * * *
Huge Dmg: -21%(-6hp) hp: 22%(6hp)
You completely miss Natasha.
Natasha is almost dead.
The cerulean imp hits you from afar with a +2 spear.
* * * LOW HITPOINT WARNING * * *
Natasha claws you.
* * * LOW HITPOINT WARNING * * *
The cerulean imp barely misses you. x3; Natasha misses you.
Huge Dmg: -14%(-4hp) hp: 8%(2hp)
You barely miss Natasha.
Natasha is almost dead.
The cerulean imp hits you but does no damage.
The cerulean imp hits you with a +2 spear.
You die...

....................#
..........#########.#
..........# #.#
..........#########.#
.......†..'......##.#
..........######.##.#
..........# #.##.#
.....5....######.##.#
.....@.5..##.....##.#
....5.h... #.######.#
#+####### #.###.##.#
#......#.#
###########.##.#
#....^..#<#.##.#
###.#####.#.#.##.#
#.....#...#†#.##.#
#.#####...#.#.##.#


You could see Natasha and 3 cerulean imps.

Vanquished Creatures
  A gnoll (D:1)
  An adder (D:2)
  A dart slug (D:1)
  An endoplasm (D:2)
  2 giant cockroaches (D:1)
  2 goblins (D:1)
  4 hobgoblins (D:1)
  3 quokkas
  3 ball pythons
  2 bats (D:1)
  A frilled lizard (D:1)
  4 kobolds
  6 rats
31 creatures vanquished.

Notes
Turn   | Place    | Note
-------+----------+-------------------------------------------
     0 | D:5      | RepHenryClay the Kobold Delver began the quest for the Orb.
     0 | D:5      | Reached XP level 1. HP: 14/14 MP: 1/1
   262 | D:1      | Reached XP level 2. HP: 19/19 MP: 2/2
   488 | D:1      | Found a faded altar of an unknown god.
   540 | D:1      | Reached XP level 3. HP: 23/23 MP: 3/3
  1147 | D:2      | Reached XP level 4. HP: 24/28 MP: 4/4
  1314 | D:2      | Noticed Natasha
  1328 | D:2      | Slain by a cerulean imp

Illustrated notes

Levels and vault maps discovered:
D:1:      zaba_arrival_water, layout_rooms,
          shapermc_ecumenical_altar_mp_urbaneastern, nicolae_the_louvre
D:2:      layout_basic, uniq_natasha
D:3:      layout_loops_ring, amethyst_overflow_temple_binary, uniq_grinder
D:4:      layout_cave_pools, regret_index_temple_of_mockery,
          general_overflow_altar, minmay_misc_feat_room, minmay_fountain_box
D:5:      layout_gridville, kennysheep_mini, mainiacjoe_overflow_swirl,
          chequers_serial_rivers_micro_a, uniq_eustachio

Skill      XL: |  1  2  3 |
---------------+----------+-----
Maces & Flails | 2 3 |  3.3
Fighting       | |  3.4
Dodging        | |  2.6
Stealth        | |  6.7

Action                     |  1- 3 |  4- 6 || total
---------------------------+-------+-------++-------
  Melee: Mace              |    88 |    13 ||   101
    Use: Potion            |     1 |       ||     1
   Stab: Sleeping          |     8 |     3 ||    11
 Armour: Leather armour    |    21 |     3 ||    24
  Dodge: Dodged            |    64 |    17 ||    81

Table legend: (Time is in decaauts)
 A = Elapsed time spent in this place.
 B = Non-inter-level travel time spent in this place.
 C = Inter-level travel time spent in this place.
 D = Time resting spent in this place.
 E = Time spent auto-exploring this place.
 F = Levels seen in this place.
 G = Mean time per level.
                   A        B        C        D        E       F      G
               +--------+--------+--------+--------+--------+-----+--------+
         Total |   1396 |   1329 |     67 |     77 |    977 |   5 |  279.2 |
       Dungeon |   1396 |   1329 |     67 |     77 |    977 |   5 |  279.2 |
               +--------+--------+--------+--------+--------+-----+--------+

Top non-repeatable levels by time:
     D:1: 887 daAuts
     D:2: 409 daAuts
     D:3: 79 daAuts
     D:5: 17 daAuts
     D:4: 3 daAuts
